Map: Dusty Gorge

Players

MonstroTown

  • Race: Terran Terran
  • Spawn Location: 5:00

Michael

  • Race: Zerg Zerg
  • League: Gold
  • Spawn Location: 3:00

Kaisad

  • Race: Terran Terran
  • Spawn Location: 9:00

TwoTablesMad

  • Race: Protoss Protoss
  • Spawn Location: 11:00

VOD

Have the link to the VOD?

Description

Time

  • Played on: Sept. 16, 2018, 1:37 a.m.
  • Length: 11:38
Show
View Real Time Build Order
Export as new Build Order

MonstroTown Terran 

Build Orders:  

Get SALT Encoding   

  12  0:01  SCV  
  13  0:13  SCV  
  14  0:18  Supply Depot  
  14  0:25  SCV  
  15  0:40  SCV  
  15  0:41  Barracks  
  16  0:46  Refinery  
  16  0:52  SCV  
  17  1:04  SCV  
  18  1:16  SCV  
  19  1:27  Barracks  
  19  1:30  Orbital Command, Reaper  
  20  1:40  Refinery  
  20  1:58  SCV  
  21  2:01  Supply Depot  
  21  2:08  Factory, Marine  
  21  2:12  SCV  
  23  2:23  Marine  
  23  2:24  SCV  
  23  2:28  Barracks Reactor  
  25  2:37  SCV  
  26  2:46  Marine  
  27  2:52  Factory Tech Lab  
  27  2:58  Starport  
  27  3:05  Marine  
  28  3:08  SCV  
  28  3:10  Command Center  
  29  3:14  Barracks Tech Lab  
  29  3:27  Supply Depot  
  29  3:33  Stimpack  
  29  3:42  SCV  
  29  3:47  Supply Depot  
  30  3:48  Starport Reactor  
  30  3:49  Siege Tank  
  30  3:52  Marine x2  
  30  3:55  Marauder  
  37  4:08  SCV  
  38  4:17  Marine x2  
  38  4:18  Marauder  
  38  4:22  Orbital Command  
  42  4:26  SCV  
  42  4:30  Medivac x2  
  47  4:34  Widow Mine  
  47  4:38  Marine x2  
  51  4:43  Marauder  
  53  4:51  SCV  
  55  4:58  Siege Tank  
  55  4:59  Marine x2  
  59  5:03  Supply Depot  
  59  5:15  Engineering Bay  
  59  5:17  SCV  
  59  5:19  Marine x2  
  62  5:24  Medivac  
  62  5:27  Supply Depot  
  64  5:32  Marauder  
  66  5:41  Missile Turret  
  66  5:42  Terran Infantry Weapons Level 1  
  66  5:49  Marine x2  
  67  5:57  SCV x2  
  70  6:08  Command Center  
  70  6:09  SCV  
  50  6:33  Marine x3  
  50  6:39  SCV  
  54  6:40  SCV  
  54  6:44  Barracks  
  54  6:46  Barracks  
  55  6:53  Marine x3  
  58  6:54  Siege Tank  
  60  7:08  Medivac  
  55  7:11  Marine x2  
  55  7:12  Marauder  
  54  7:20  Orbital Command  
  54  7:24  SCV x2  
  54  7:28  Marine  
  57  7:33  Siege Tank  
  60  7:37  Terran Infantry Armor Level 1  
  60  7:43  Barracks Reactor, Marine  
  60  7:44  Barracks Reactor  
  58  7:48  SCV x2  
  58  7:50  SCV  
  61  8:00  SCV  
  47  8:16  Marine x2  
  47  8:17  Marine  
  47  8:18  Siege Tank, Medivac  
  53  8:21  SCV x2  
  55  8:34  Marine  
  55  8:35  Marauder  
  55  8:38  Marine x4  
  55  8:39  Marine  
  60  8:41  Medivac  
  60  8:48  Medivac  
  64  8:52  Marine  
  64  8:56  Marine x2  
  64  8:57  Marine x4  
  66  9:10  Marine  
  66  9:13  Marine  
  66  9:14  Marine x2  
  66  9:15  Marine  
  69  9:22  Marine x2  
  65  9:27  Marine  
  66  9:31  Marine x2  
  66  9:35  Engineering Bay  
  66  9:36  Armory  
  68  9:41  Marine x2  
  68  9:44  Barracks  
  70  9:46  Barracks  
  70  9:49  Barracks  
  70  9:50  Barracks  
  57  10:00  Marine x3  
  57  10:01  Marine x4  
  57  10:02  Medivac x2  
  57  10:03  Siege Tank  
  62  10:18  Marine x5  
  62  10:19  Marine  
  66  10:21  Marine  
  53  10:36  Marine x4  
  23  10:53  Marine x2  
  23  10:54  Marine x2  
  23  10:56  Marine  
  17  11:09  Marine x2  
  19  11:11  Marine  
  19  11:16  Marine x2  
Show
View Real Time Build Order
Export as new Build Order

Michael Zerg 

Build Orders: Pool First 

Get SALT Encoding   

  12  0:01  Drone  
  13  0:12  Overlord  
  13  0:18  Drone  
  14  0:31  Drone x2  
  14  0:34  Drone  
  17  0:42  Extractor  
  17  0:45  Drone  
  17  0:53  Spawning Pool  
  17  0:56  Drone  
  17  1:06  Drone  
  18  1:17  Drone  
  19  1:25  Hatchery  
  19  1:28  Drone  
  19  1:40  Queen  
  19  1:46  Overlord  
  21  1:51  Drone  
  22  1:56  Metabolic Boost  
  22  2:06  Zergling x2  
  23  2:11  Drone  
  24  2:21  Queen  
  26  2:27  Roach Warren  
  26  2:28  Drone  
  26  2:29  Extractor  
  25  2:39  Queen  
  27  2:50  Spine Crawler  
  26  3:03  Drone x4  
  26  3:04  Drone  
  30  3:14  Drone x2  
  32  3:23  Drone x3  
  35  3:36  Lair  
  35  3:37  Overlord  
  35  3:42  Overlord  
  35  3:44  Drone  
  36  3:48  Extractor  
  36  3:49  Extractor  
  36  3:52  Drone, Spore Crawler  
  36  3:55  Drone  
  35  3:57  Drone  
  35  4:00  Drone  
  37  4:13  Queen  
  39  4:22  Drone x3, Evolution Chamber  
  39  4:23  Spore Crawler  
  40  4:24  Drone  
  40  4:25  Drone  
  40  4:27  Drone  
  40  4:30  Drone  
  44  4:31  Drone  
  44  4:33  Drone  
  44  4:36  Drone  
  47  4:40  Glial Reconstitution  
  47  4:47  Hydralisk Den  
  47  4:49  Drone, Spore Crawler  
  46  5:02  Zerg Ground Armor Level 1  
  46  5:15  Drone, Spire  
  46  5:16  Drone x2  
  46  5:18  Drone x2  
  50  5:40  Muscular Augments  
  50  5:43  Hatchery  
  50  5:48  Drone  
  50  6:00  Roach  
  50  6:01  Overlord x3  
  50  6:02  Overlord x2, Evolution Chamber  
  51  6:20  Roach  
  51  6:21  Roach x7  
  51  6:23  Roach x2  
  51  6:24  Roach  
  72  6:26  Roach  
  72  6:29  Roach  
  76  6:34  Roach  
  76  6:35  Roach  
  76  6:37  Zergling x2  
  76  6:39  Drone  
  82  6:44  Roach  
  76  6:54  Roach  
  76  6:55  Roach  
  75  7:07  Roach x4  
  75  7:12  Queen  
  71  7:16  Roach x2  
  75  7:40  Infestation Pit, Zerg Ground Armor Level 2  
  75  7:41  Zerg Missile Weapons Level 1  
  75  7:43  Grooved Spines  
  74  7:48  Queen  
  74  7:51  Hydralisk x3  
  76  8:10  Roach x6  
  72  8:14  Zergling x4  
  72  8:15  Zergling x2  
  72  8:18  Hydralisk  
  73  8:22  Hydralisk  
  64  8:42  Roach x5  
  64  8:43  Roach x2  
  64  8:47  Zergling x4  
  62  8:56  Roach x3  
  49  9:21  Roach  
  49  9:22  Roach x5  
  56  9:28  Roach x3  
  58  9:38  Spire  
  58  9:40  Hive  
  58  9:41  Infestation Pit  
  40  9:58  Roach x4  
  37  10:08  Roach  
  26  10:24  Roach  
  26  10:25  Roach x3  
  20  10:49  Spawning Pool  
  19  10:55  Roach x3  
  21  11:06  Roach  
  17  11:17  Roach  
Show
View Real Time Build Order
Export as new Build Order

Kaisad Terran 

Build Orders:  

Get SALT Encoding   

  12  0:01  SCV  
  13  0:13  SCV  
  14  0:21  Supply Depot  
  14  0:25  SCV  
  15  0:45  Barracks  
  15  0:48  Supply Depot  
  15  0:58  SCV, Refinery  
  16  1:10  SCV  
  17  1:21  Refinery  
  17  1:22  SCV  
  18  1:34  Orbital Command  
  18  2:02  Command Center  
  18  2:07  Marine  
  19  2:12  SCV  
  20  2:35  Marine  
  21  2:47  SCV  
  22  2:52  Marine  
  23  2:59  SCV  
  23  3:10  Marine  
  23  3:12  SCV  
  25  3:16  Orbital Command  
  25  3:25  SCV  
  26  3:28  Marine  
  27  3:37  SCV  
  28  3:46  Marine  
  29  3:49  SCV  
  30  4:01  SCV  
  31  4:03  SCV  
  31  4:04  Marine  
  33  4:13  SCV  
  34  4:18  SCV  
  34  4:22  Marine  
  36  4:30  SCV  
  37  4:38  SCV  
  37  4:39  Marine  
  39  4:47  Refinery  
  39  4:50  SCV, Refinery  
  39  4:51  SCV  
  41  5:02  SCV  
  41  5:03  SCV  
Show
View Real Time Build Order
Export as new Build Order

TwoTablesMad Protoss 

Build Orders: Zealot Archon 

Get SALT Encoding   

  12  0:01  Probe  
  13  0:13  Probe  
  14  0:22  Pylon  
  14  0:25  Probe  
  15  0:40  Probe  
  15  0:42  Gateway  
  16  0:49  Probe  
  16  0:50  Pylon  
  17  0:57  Probe  
  17  1:03  Assimilator  
  18  1:07  Probe  
  19  1:19  Probe  
  20  1:30  Cybernetics Core  
  20  1:32  Probe  
  21  1:37  Forge  
  21  1:42  Assimilator  
  21  1:44  Probe  
  22  1:56  Warp Gate, Probe  
  23  2:07  Pylon  
  23  2:08  Probe  
  24  2:20  Photon Cannon  
  24  2:25  Twilight Council  
  24  2:26  Stalker  
  24  2:30  Gateway  
  26  2:53  Gateway  
  26  2:56  Stalker  
  28  3:14  Templar Archives  
  28  3:21  Pylon  
  28  3:23  Charge  
  28  3:24  Pylon  
  28  3:41  Gateway  
  28  3:47  Gateway  
  28  3:55  Gateway  
  28  3:56  Gateway  
  28  4:11  Gateway  
  28  4:13  Gateway  
  28  4:14  Gateway  
  28  4:21  Gateway  
  28  4:24  Gateway  
  28  4:26  Pylon  
  28  4:29  Pylon  
  28  4:33  Gateway  
  28  4:34  High Templar  
  28  4:37  High Templar  
  34  4:43  Archon  
  32  4:53  High Templar  
  32  4:54  Zealot, High Templar  
  32  4:55  Protoss Ground Weapons Level 1  
  32  4:58  Archon  
  38  5:01  Gateway  
  38  5:05  Zealot  
  38  5:06  Gateway  
  40  5:27  High Templar  
  40  5:28  High Templar  
  44  5:29  Zealot x2  
  44  5:30  Zealot  
  44  5:32  High Templar  
  44  5:33  High Templar x2  
  44  5:34  High Templar x3  
  62  5:36  Archon  
  62  5:37  Archon x2  
  62  5:38  Archon  
  62  5:40  Zealot  
  64  6:07  Pylon  
  64  6:12  Pylon  
  64  6:19  Pylon  
  64  6:22  Pylon  
  64  6:23  Pylon  
  64  6:24  Pylon  
  56  6:25  High Templar  
  56  6:26  High Templar, Pylon  
  56  6:27  High Templar  
  56  6:28  High Templar, Pylon  
  56  6:29  Zealot, Pylon  
  56  6:30  Zealot x4  
  56  6:31  Zealot x3, Pylon  
  78  6:33  Archon x2, Pylon  
  78  6:43  Forge  
  78  6:47  Zealot  
  78  6:48  Zealot  
  68  7:00  Nexus  
  62  7:02  Pylon  
  62  7:06  High Templar, Pylon  
  62  7:07  High Templar  
  54  7:09  High Templar x2  
  54  7:10  Zealot  
  54  7:11  Zealot x5  
  54  7:12  Zealot  
  54  7:14  Archon  
  60  7:18  Archon  
  54  7:32  Zealot x2  
  54  7:33  Zealot x3  
  54  7:34  High Templar x2  
  54  7:35  High Templar  
  54  7:36  High Templar  
  54  7:37  Zealot  
  74  7:47  Archon  
  74  7:48  Archon  
  74  8:04  Zealot  
  74  8:05  Zealot x2  
  62  8:16  High Templar x2  
  62  8:17  High Templar x2  
  70  8:21  Zealot x3  
  70  8:22  Zealot x4  
  84  8:30  Assimilator  
  84  8:33  Archon  
  82  8:34  Assimilator  
  82  8:36  Archon  
  82  8:38  High Templar x2  
  74  8:43  Zealot x3  
  74  8:44  Zealot x5  
  74  8:46  Protoss Ground Weapons Level 2  
  74  8:47  Protoss Shields Level 1  
  86  8:52  Archon  
  86  8:55  Probe  
  86  8:56  Probe  
  88  9:11  High Templar x2  
  88  9:12  Zealot x3  
  88  9:13  Zealot x6  
  88  9:14  Zealot x3  
  112  9:23  Archon  
  95  9:35  High Templar x2  
  95  9:37  High Templar x2  
  99  9:38  Zealot  
  99  9:39  Zealot x5  
  99  9:40  Zealot x2  
  115  9:51  Archon x2  
  111  9:57  Probe x2  
  93  10:09  Probe x2  
  93  10:21  High Templar x2  
  93  10:22  High Templar x2  
  93  10:23  High Templar x2  
  93  10:25  High Templar  
  93  10:26  Zealot x2, High Templar  
  93  10:27  Zealot x4  
  117  10:39  Archon x3  
  117  10:40  Archon  
  111  10:44  Probe x2  
  103  11:05  Gateway  
  103  11:08  High Templar, Gateway  
  103  11:09  High Templar x3  
  103  11:10  Gateway  
  109  11:12  Zealot x2, Nexus, Gateway  
  109  11:15  Assimilator  
  109  11:20  Archon, Assimilator  
  109  11:21  Archon  
Tags
 
Add a new tag
Caveats
  • Supply blocks, unpowered buildings, or Contaminate may cause inaccurate times.
  • Supply counts are checked every 10 seconds.